 Dungeon Crawl Stone Soup version 0.28-a0-863-g8cecda6153 (webtiles) character file.

Game seed: 8004270377186955553

301 Zonian the Poker (level 6, -4/47 HPs)
             Began as a Demonspawn Gladiator on Nov 16, 2021.
             Was an Initiate of Makhleb.
             Slain by elagabalus's ghost (9 damage)
             ... on level 4 of the Dungeon.
             The game lasted 00:06:37 (3701 turns).

Zonian the Poker (Demonspawn Gladiator)             Turns: 3701, Time: 00:06:38

Health: -4/47      AC:  6    Str: 14    XL:     6   Next: 14%
Magic:  7/7        EV: 13    Int: 10    God:    Makhleb [......]
Gold:   165        SH:  0    Dex: 16    Spells: 5/5 levels left

rFire   + . .      SeeInvis +   a - +1 trident
rCold   . . .      Faith    .   (no shield)
rNeg    . . .      Spirit   .   g - +1 leather armour {rF+}
rPois   .          Reflect  .   l - +0 helmet {SInv}
rElec   .          Harm     .   h - +0 cloak
rCorr   .          Rampage  .   (no gloves)
Will    .....                   (no boots)
Stlth   ++........              (no amulet)
HPRegen 0.15/turn               (no ring)
MPRegen 0.10/turn               (no ring)

@: no status effects
A: ignite blood 1, demonic touch 1
a: Renounce Religion


You were on level 4 of the Dungeon.
You worshipped Makhleb.
Makhleb was noncommittal.
You visited 1 branch of the dungeon, and saw 4 of its levels.

You collected 165 gold pieces.

Inventory:

Hand Weapons
 a - a +1 trident (weapon)
 i - a +0 falchion
Armour
 b - a +0 leather armour
 c - a +0 helmet
 g - a +1 leather armour of fire resistance (worn)
 h - a +0 cloak (worn)
 l - a +0 helmet of see invisible (worn)
Scrolls
 f - a scroll of fear
Potions
 e - a potion of brilliance
 j - a potion of ambrosia


   Skills:
 + Level 3.1 Fighting
 + Level 4.5 Polearms
 + Level 2.3 Throwing
 - Level 1.1 Armour
 + Level 3.3 Dodging
 - Level 1.1 Stealth
 + Level 2.0 Invocations


You had 5 spell levels left.
You didn't know any spells.
Your spell library was empty.

Dungeon Overview and Level Annotations

Branches:
Dungeon (4/15)
 Temple: D:4-7

Altars:
Makhleb

Annotations:
D:4 Eustachio; elagabalus's ghost, amateur MiFi


Innate Abilities, Weirdness & Mutations

Your demonic aura sometimes causes spilled blood to erupt in flames.
Your touch may inflict minor irresistible damage on your foes.


Message History

Your Invocations skill increases to level 2!
Elagabalus's ghost hits you!
You see here an adder corpse.
You closely miss elagabalus's ghost. Elagabalus's ghost hits you!
You closely miss elagabalus's ghost. Elagabalus's ghost hits you.
You closely miss elagabalus's ghost.
You touch elagabalus's ghost.
Elagabalus's ghost is lightly damaged.
Elagabalus's ghost closely misses you.
You closely miss elagabalus's ghost.
Elagabalus's ghost is lightly damaged.
Elagabalus's ghost hits you.
* * * LOW HITPOINT WARNING * * *
Throw: 3 throwing nets
Press: ? - help, Q - select action Shift-Dir - straight line, f - elagabalus's ghost
Aim: elagabalus's ghost (lightly damaged, 65% to hit, immune to nets)
You throw a throwing net.
The throwing net barely misses elagabalus's ghost.
Elagabalus's ghost hits you but does no damage.
Throw: 2 throwing nets
Press: ? - help, Q - select action Shift-Dir - straight line, f/p - elagabalus's ghost
Aim: elagabalus's ghost (lightly damaged, 65% to hit, immune to nets)
You throw a throwing net.
The throwing net barely misses elagabalus's ghost.
Elagabalus's ghost hits you but does no damage.
Throw: throwing net
Press: ? - help, Q - select action Shift-Dir - straight line, f/p - elagabalus's ghost
Aim: elagabalus's ghost (lightly damaged, 65% to hit, immune to nets)
You throw a throwing net.
The throwing net hits elagabalus's ghost.
The net passes right through elagabalus's ghost!
Elagabalus's ghost is lightly damaged.
Elagabalus's ghost hits you but does no damage.
You aren't carrying any items that you can evoke.
Unknown command.
You feel better. Elagabalus's ghost hits you!
* * * LOW HITPOINT WARNING * * *
You hit elagabalus's ghost.
Elagabalus's ghost is lightly damaged.
Elagabalus's ghost hits you!
You die...

... #.# ...
#.# ... #.#
#.# # #.#
#.###.####
#........###
#..........#
#>########@#
# #≈$≈≈≈≈'W#
########.#
##.(# ..##
####


You could see elagabalus's ghost.

Vanquished Creatures
  A howler monkey (D:3)
  2 orc priests (D:4)
  A bullfrog skeleton (D:4)
  An orc wizard (D:3)
  7 adders
  A worm (D:4)
  A dart slug (D:1)
  7 orcs
  7 ball pythons
  4 bats
  7 endoplasms
  5 giant cockroaches
  3 goblins
  5 hobgoblins
  8 jackals
  2 quokkas
  2 frilled lizards (D:2)
  8 kobolds
  7 rats
79 creatures vanquished.

Vanquished Creatures (others)
  2 fungi (D:1)
  7 plants (D:1)
9 creatures vanquished.

Grand Total: 88 creatures vanquished

Notes
Turn   | Place    | Note
-------+----------+-------------------------------------------
     0 | D:1      | Zonian the Demonspawn Gladiator began the quest for the
                  | Orb.
     0 | D:1      | Reached XP level 1. HP: 16/16 MP: 1/1
   337 | D:1      | Reached skill level 3 in Polearms
   352 | D:1      | Gained mutation: Your touch may inflict minor irresistible
                  | damage on your foes. [demonic ancestry]
   352 | D:1      | Reached XP level 2. HP: 21/22 MP: 2/2
   631 | D:1      | Found a faded altar of an unknown god.
   679 | D:1      | Reached XP level 3. HP: 27/27 MP: 3/3
  1563 | D:2      | Gained mutation: Your demonic aura sometimes causes spilled
                  | blood to erupt in flames. [demonic ancestry]
  1563 | D:2      | Reached XP level 4. HP: 33/33 MP: 4/4
  2031 | D:3      | Found a burning altar of Makhleb.
  2178 | D:3      | Reached skill level 4 in Polearms
  2375 | D:3      | Reached skill level 1 in Armour
  2375 | D:3      | Reached skill level 1 in Stealth
  2791 | D:3      | Became a worshipper of Makhleb the Destroyer
  2816 | D:3      | Reached XP level 5. HP: 39/39 MP: 5/5
  3023 | D:4      | Reached skill level 1 in Invocations
  3173 | D:4      | Noticed Eustachio
  3631 | D:4      | Reached XP level 6. HP: 46/47 MP: 7/7
  3667 | D:4      | Found a runed translucent door.
  3675 | D:4      | Noticed elagabalus's ghost (amateur MiFi)
  3701 | D:4      | Slain by elagabalus's ghost

Illustrated notes

Levels and vault maps discovered:
D:1:      mrwooster_arrival_statue_3, layout_basic,
          shapermc_ecumenical_altar_mp_ritualfount, minmay_pentomino_w4
D:2:      layout_loops_ring
D:3:      layout_basic, mainiacjoe_overflow_cross_hatched
D:4:      layout_rooms, ebering_ghost_sewer_d, minmay_misc_feat_more_columns,
          uniq_eustachio

Skill      XL: |  1  2  3  4  5  6 |
---------------+-------------------+-----
Polearms       | 3 4 |  4.5
Armour         | 1 |  1.1
Stealth        | 1 |  1.1
Dodging        | 3 |  3.3
Throwing       | 2 |  2.3
Invocations    | 1 2 |  2.0
Fighting       | 3 |  3.1

Action                   |  1- 3 |  4- 6 || total
-------------------------+-------+-------++-------
Melee: Trident           |   134 |    99 ||   233
       Touch             |     8 |    13 ||    21
Throw: Throwing net      |       |     3 ||     3
  Use: Scroll            |       |     7 ||     7
       Potion            |       |     1 ||     1
 Stab: Sleeping          |     5 |     2 ||     7
Armor: Leather armour    |    29 |    22 ||    51
Dodge: Dodged            |    91 |    54 ||   145

Table legend: (Time is in decaauts)
 A = Elapsed time spent in this place.
 B = Non-inter-level travel time spent in this place.
 C = Inter-level travel time spent in this place.
 D = Time resting spent in this place.
 E = Time spent auto-exploring this place.
 F = Levels seen in this place.
 G = Mean time per level.
                   A        B        C        D        E       F      G
               +--------+--------+--------+--------+--------+-----+--------+
         Total |   3731 |   3599 |    132 |    559 |   2344 |   4 |  932.8 |
       Dungeon |   3731 |   3599 |    132 |    559 |   2344 |   4 |  932.8 |
               +--------+--------+--------+--------+--------+-----+--------+

Top non-repeatable levels by time:
     D:3: 1484 daAuts
     D:1: 1262 daAuts
     D:2: 542 daAuts
     D:4: 442 daAuts
